Cogmind - Beta 16.1 @@@ ROGUE MODE // 2026.04.04 @ 18:45:37 // Winter2022/Polymind Player: the Result: Self-destructed Performance ------------- Evolutions (2) 1000 Regions Visited (3) 600 Robots Destroyed (4) 20 Value Destroyed (94) 94 Prototype IDs (0) 0 Alien Tech Used (0) 0 Bonus (1370) 1370 TOTAL SCORE: 2984 Bonus ------- Polymind Skill 1370 Cogmind --------- Core Integrity 534/550 Matter 100/100 Energy 150/150 System Corruption 0% Temperature Warm (190) Movement Core (200) Ox3 Location -8/Materials Parts ------- > --- POWER (1) -------- Subdweller Power Source > --- PROPULSION (1) --- Subdweller Monowheel > --- UTILITY (4) ------ Disposable Heat Sink Subdweller Optics > --- WEAPON (1) ------- Subdweller Laser > --- INVENTORY (2) ---- (None) Peak State ------------ > --- POWER ------------ Subdweller Power Source > --- PROPULSION ------- Subdweller Monowheel > --- UTILITY ---------- Disposable Heat Sink Subdweller Optics Scrap Shield > --- WEAPON ----------- Subdweller Laser > --- INVENTORY -------- (None) [Rating: 14] Favorites ----------- Power Subdweller Power Source Engine Subdweller Power Source Propulsion Hover Unit Wheel Subdweller Monowheel Hover Unit Hover Unit Utility Disposable Heat Sink Device Disposable Heat Sink Hackware Hacking Suite Protection Scrap Shield Weapon Subdweller Laser Energy Gun Subdweller Laser Special Melee Weapon Datajack Build | -11 -10 -10 -8 ------- Run | Yrd Mat Sub Mat Slots Evolved . | . . . . Power . | . . . . Propulsion . | . . . . Utility . | . . . . Weapon . | . . . . Parts Attached . | . . . . Power . | . . . . Engine . | . . . . Core . | . . . . Reactor . | . . . . Propulsion . | . . . . Treads . | . . . . Leg . | . . . . Wheel . | . . . . Hover . | . . . . Flight . | . . . . Utility . | . . . . Device . | . . . . Storage . | . . . . Processor . | . . . . Hackware . | . . . . Protection . | . . . . Artifact . | . . . . Weapon . | . . . . Energy Gun . | . . . . Energy Cannon . | . . . . Ballistic Gun . | . . . . Ballistic Cannon . | . . . . Launcher . | . . . . Special Weapon . | . . . . Impact Weapon . | . . . . Slashing Weapon . | . . . . Piercing Weapon . | . . . . Special Melee Weapon . | . . . . Unidentified Prototypes . | . . . . Parts Lost 1 | . . . 1 Power . | . . . . Propulsion . | . . . . Utility 1 | . . . 1 Weapon . | . . . . Highest Loss Streak 1 | . . . 1 To Critical Strikes . | . . . . Average Backups . | . . . . Power . | . . . . Propulsion . | . . . . Utility . | . . . . Weapon . | . . . . Tool/Special . | . . . . Unused Backups 2 | . 2 . . Power . | . . . . Propulsion . | . . . . Utility 2 | . 2 . . Weapon . | . . . . Tool/Special . | . . . . Average Slot Usage (%) 59 | . 91 28 84 Engine 10 | . 18 4 14 Wheel 4 | . . 4 14 Hover 12 | . 36 . . Device 9 | . . 8 28 Hackware 6 | . 18 . . Protection 4 | . . 4 13 Energy Gun 4 | . . 4 14 Special Melee Weapon 6 | . 18 . . Peak Build Rating 14 | . 7 14 14 Average Rating 3 | . 6 4 13 On Entrance 5 | . . 7 14 Avg Prop Armor Cover (%) . | . . . . Naked Turns 363 | . 19 344 . Heaviest Build 30 | . 4 30 30 Greatest Support 20 | 3 12 20 20 Greatest Overweight (x) 9 | . . 1 9 Average Overweight (x) . | . . . 1 Largest Inventory Capacity 2 | . 1 2 2 Average Capacity . | . . . 2 Most Carried 1 | . 1 . . Average Carried . | . . . . Final Capacity 2 | . 1 2 2 Final Carried . | . . . . Class Distribution -------------------- 35% | Cogmind 33% | Subdweller 31% | Operator Dominant Class ---------------- Operator | -10/Materials Cogmind | -10/Subcaves Subdweller | -8/Materials Resources | -11 -10 -10 -8 ----------- Run | Yrd Mat Sub Mat Matter Collected . | . . . . Remotely . | . . . . Salvage Created 230 | . . 71 159 Parts 9 | . . 5 4 Haulers Intercepted . | . . . . Recyclers Shooed . | . . . . Parts Field Recycled . | . . . . Retrieved Matter . | . . . . Parts Self-Destructed 4 | . . 4 . Prevented . | . . . . Parts Restored . | . . . . Kills | -11 -10 -10 -8 ------- Run | Yrd Mat Sub Mat Combat Hostiles Destroyed 2 | . . 1 1 Guns 2 | . . 1 1 Classes Destroyed 4 | . . 1 3 Worker 1 | . . . 1 Recycler 1 | . . . 1 Grunt 1 | . . . 1 Subdweller 1 | . . 1 . Best Kill Streak 2 | . . 1 2 Combat Bots Only 1 | . . 1 1 Max Kills in Single Turn 1 | . . 1 1 Gunslinging . | . . . . Exploded . | . . . . Melee . | . . . . Uniques/NPCs Destroyed . | . . . . Combat | -11 -10 -10 -8 -------- Run | Yrd Mat Sub Mat Hostile Shots Fired 58 | . 27 12 19 Missed 15 | . 9 5 1 Hits 43 | . 18 7 18 Projectile 43 | . 18 7 18 Critical Strikes 2 | . . . 2 Damage Taken 634 | . 146 215 273 Core 250 | . 80 154 16 Absorbed by Shields . | . . . . Core Remaining (%) 53 | 100 . 6 . Volleys Fired 26 | . . 2 24 Largest 1 | . . 1 1 Hottest 60 | . . 60 60 Shots Fired 25 | . . 2 23 Gun 25 | . . 2 23 Cannon . | . . . . Launcher . | . . . . Special . | . . . . Kinetic . | . . . . Thermal 25 | . . 2 23 Explosive . | . . . . Electromagnetic . | . . . . Robot Hit Streak 7 | . . 2 7 Robot Miss Streak 1 | . . . 1 Penetration Max . | . . . . Secondary Targets . | . . . . Shots Hit Robots 30 | . 9 2 19 Core Hits 6 | . . 1 5 Critical Kills . | . . . . Critical Parts Destroyed . | . . . . Critical Strikes . | . . . . Melee Attacks 12 | . 12 . . Impact . | . . . . Slashing . | . . . . Piercing . | . . . . Sneak Attacks 8 | . 8 . . Combat Hostiles . | . . . . Follow-up Attacks . | . . . . Damage Inflicted 468 | . 10 48 410 Guns 458 | . . 48 410 Cannons . | . . . . Explosions . | . . . . Melee . | . . . . Ramming 10 | . 10 . . Kinetic . | . . . . Thermal 458 | . . 48 410 Explosive . | . . . . Electromagnetic . | . . . . Impact . | . . . . Slashing . | . . . . Piercing . | . . . . Highest Corruption . | . . . . Average Corruption . | . . . . Corruption Purged . | . . . . Corruption Blocked . | . . . . Overload Shots . | . . . . Overflow Damage . | . . . . Projectiles . | . . . . Explosions . | . . . . Melee . | . . . . Knockbacks . | . . . . Impact . | . . . . Kinetic . | . . . . Secondary . | . . . . Self-Inflicted Damage 4 | . 4 . . Shots . | . . . . Rammed 2 | . 2 . . Targets Rammed 2 | . 2 . . Kicked . | . . . . Crushed . | . . . . Highest Temperature 199 | . . 40 199 Average Temperature 125 | . . 24 133 Received Heat Transfer 234 | . . 36 198 Siege Activations . | . . . . Martial Activations . | . . . . Shielding Activations . | . . . . Robots Disrupted . | . . . . Combat Hostiles . | . . . . Robots Corrupted . | . . . . Combat Hostiles . | . . . . Parts Fried . | . . . . Impact Corruptions . | . . . . Robots Melted . | . . . . Combat Hostiles . | . . . . Parts Melted 1 | . . . 1 Heat Transferred 525 | . . 50 475 Parts Sabotaged . | . . . . Parts Stolen . | . . . . Parts Stripped . | . . . . Power Chain Reactions . | . . . . Alert | -11 -10 -10 -8 ------- Run | Yrd Mat Sub Mat Maximum Alert Level . | . . . . Low Security (%) 100 | 100 100 . 100 Level 1 . | . . . . Level 2 . | . . . . Level 3 . | . . . . Level 4 . | . . . . Level 5 . | . . . . High Security . | . . . . Max Security . | . . . . Peak Influence 30 | . 4 . 30 Initial . | . . . . Average . | . . . 1 Influence Increases 44 | . 4 . 40 Destroy 0b10 Robot/C 20 | . . . 20 Destroy 0b10 Robot/NC 10 | . . . 10 Destroy Leader 10 | . . . 10 Successful Hack 4 | . 4 . . Influence Decreases 34 | . 4 . 30 Time Decay 24 | . 4 . 20 Lost Part 10 | . . . 10 Squads Dispatched 1 | . . . 1 Investigation . | . . . . Extermination . | . . . . Reinforcement 1 | . . . 1 Assault . | . . . . Garrison . | . . . . Intercept . | . . . . Searches Triggered . | . . . . Construction Impeded . | . . . . Haulers Reinforced . | . . . . Active Scanning Responses . | . . . . Cargo Convoy Interrupts . | . . . . Stealth | -11 -10 -10 -8 --------- Run | Yrd Mat Sub Mat Distress Signals 1 | . 1 . . Communications Jammed . | . . . . Distress Signals . | . . . . Times Spotted 18 | . 5 9 4 Peak Tracking Total 4 | . 4 3 3 Tactical Retreats 2 | . . 2 . Traps | -11 -10 -10 -8 ------- Run | Yrd Mat Sub Mat Traps Triggered 1 | . . 1 . Indirectly . | . . . . Trap Hack Attempts . | . . . . Triggered . | . . . . Disarmed . | . . . . Reprogrammed . | . . . . Reused . | . . . . Traps Extracted . | . . . . Installed . | . . . . Triggered . | . . . . Machines | -11 -10 -10 -8 ---------- Run | Yrd Mat Sub Mat Machines Disabled . | . . . . Max in Single Turn . | . . . . Machines Repaired . | . . . . Machines Dismantled . | . . . . Machines Sabotaged . | . . . . Overloaded Fab Kills . | . . . . Hacking | -11 -10 -10 -8 --------- Run | Yrd Mat Sub Mat Machines Accessed 3 | . 3 . . Terminals 3 | . 3 . . Fabricators . | . . . . Repair Stations . | . . . . Recycling Units . | . . . . Scanalyzers . | . . . . Garrison Access . | . . . . Total Hacks 9 | . 9 . . Successful 4 | . 4 . . Failed 5 | . 5 . . Catastrophic 1 | . 1 . . Database Lockouts . | . . . . Manual 4 | . 4 . . Terminals 9 | . 9 . . Fabricators . | . . . . Repair Stations . | . . . . Recycling Units . | . . . . Scanalyzers . | . . . . Garrison Access . | . . . . Terminal Hacks 3 | . 3 . . Record 3 | . 3 . . Fabricator Hacks . | . . . . Repair Station Hacks . | . . . . Recycling Unit Hacks . | . . . . Scanalyzer . | . . . . Garrison Access Hacks . | . . . . Unauthorized Hacks 1 | . 1 . . Terminals 1 | . 1 . . Botnet 1 | . 1 . . Fabricators . | . . . . Repair Stations . | . . . . Recycling Units . | . . . . Scanalyzers . | . . . . Garrison Access . | . . . . Data Cores Recovered . | . . . . Used . | . . . . Hacking Detections 3 | . 3 . . Full Trace Events 1 | . 1 . . Feedback Events . | . . . . Feedback Blocked . | . . . . Robot Schematics Acquired . | . . . . Robots Built . | . . . . Authchips . | . . . . Time . | . . . . Total Robot Build Rating . | . . . . Part Schematics Acquired . | . . . . Parts Built . | . . . . Authchips . | . . . . Time . | . . . . Total Part Build Rating . | . . . . Part Studies Acquired . | . . . . Parts Repaired . | . . . . Time . | . . . . Parts Recycled . | . . . . Recycled Matter . | . . . . Retrieved Matter . | . . . . Retrieved Components . | . . . . Parts Scanalyzed . | . . . . Part Schematics Acquired . | . . . . Parts Damaged . | . . . . Bothacking | -11 -10 -10 -8 ------------ Run | Yrd Mat Sub Mat Used RIF Installer . | . . . . Robots Hacked 6 | . 6 . . Non-combat 5 | . 5 . . Combat 1 | . 1 . . Robot Hacks Applied 7 | . 7 . . parse_system 5 | . 5 . . no_distress 1 | . 1 . . find_terminals 1 | . 1 . . Relay Couplers Released . | . . . . Fabnet Peak Effective % . | . . . . Robots Rewired . | . . . . Allies Hacked . | . . . . Hacks Repelled . | . . . . Allies | -11 -10 -10 -8 -------- Run | Yrd Mat Sub Mat Total Allies . | . . . . Largest Group . | . . . . Highest-Rated Group . | . . . . Highest-Rated Ally . | . . . . Total Orders . | . . . . Ally Attacks . | . . . . Total Damage . | . . . . Kills . | . . . . Allies Corrupted . | . . . . Allies Melted . | . . . . Intel | -11 -10 -10 -8 ------- Run | Yrd Mat Sub Mat Active Infowar (turns) 351 | . . 167 184 Optics 351 | . . 167 184 Robot Analysis Total 2 | . 1 1 . Derelict Logs Recovered . | . . . . Drone Launches . | . . . . Drone Recoveries . | . . . . Exploration | -11 -10 -10 -8 ------------- Run | Yrd Mat Sub Mat Turns Passed 2360 | 1323 341 512 184 Spaces Moved 1389 | 56 431 818 84 Core 779 | 56 36 682 5 Treads . | . . . . Legs . | . . . . Wheels 214 | . . 135 79 Hover 396 | . 395 1 . Flight . | . . . . Fastest Speed 50 | 50 50 50 120 Average Speed 64 | 50 55 61 142 Slowest Speed 500 | 50 56 120 500 Overloaded Moves . | . . . . Propulsion Burnouts . | . . . . Robots Hopped . | . . . . Potential Cave-ins 1 | . . 1 . Cave-ins Triggered . | . . . . Exploration Rate (%) 30 | 4 50 59 10 Regions Visited 3 Branch Regions 1 Pre-discovered Areas . | . . . . Known Exits Taken . | . . . . Unknown Exits Taken 3 | 1 1 1 . Scrap Searched 3 | . . 3 . Spaces Dug . | . . . . Terrain Destroyed . | . . . . Melee . | . . . . Projectile . | . . . . AOE . | . . . . Terrain Rammed . | . . . . Walls Destroyed . | . . . . Machines Disabled . | . . . . Actions | -11 -10 -10 -8 --------- Run | Yrd Mat Sub Mat Total 2825 | 1350 527 824 124 Wait 1393 | 1295 79 3 16 Move 1386 | 55 430 817 84 Hop . | . . . . Pick Up 2 | . 2 . . Fast Attach . | . . . . Attach . | . . . . Detach . | . . . . Swap . | . . . . Drop 2 | . 2 . . Fire 26 | . . 2 24 Melee 12 | . 12 . . Ram 2 | . 2 . . Kick . | . . . . Crush . | . . . . Escape Stasis . | . . . . Rewire . | . . . . Trap . | . . . . Miscellaneous 2 | . . 2 . Route ------- -11/Scrapyard -10/Materials (discovered 2 exits: [*Mat] / [*Sub]) -10/Subcaves -8/Materials History --------- Turn | Location | Event 4 | -11/Scrapyard | Discovered new exit (range 15) 1324 | -11/Scrapyard | Entered Materials 1498 | -10/Materials | Discovered new exit (range 13) 1662 | -10/Materials | Discovered new exit (range 4) 1665 | -10/Materials | Entered Subcaves 1666 | -10/Subcaves | Approached by a straggling Scientist 1688 | -10/Subcaves | Core integrity fell below 50% 1714 | -10/Subcaves | Shifting Twisted Machinery released Barrage Gun 1739 | -10/Subcaves | Ambushed by Subdwellers from Twisted Machinery 1998 | -10/Subcaves | Core integrity fell below 20% 2153 | -10/Subcaves | Discovered new exit (range 16) 2177 | -10/Subcaves | Entered Materials 2361 | -8/Materials | Self-destructed Last Messages --------------- 02184_ K-01 Serf collects debris. 02185_ T-07 Excavator is excavating. 02201_ K-01 Serf collects debris. 02209_ O-16 Technician: "IFF HANDSHAKE FAILED. SECURING TERMINAL." 02215_ O-16 Technician uses terminal to summon reinforcements. 02215_ ALERT: Hostiles spotted, dispatching reinforcements to Terminal M007. 02215_ O-16 Technician locks terminal. 02221_ K-01 Serf collects debris. 02277_ Sub. Monowheel shoots sparks and powers down. 02311_ R-06 Scavenger destroyed. 02311_ K-01 Serf collects debris. 02313_ K-01 Serf destroyed. 02315_ Destroyed Hover Unit. 02333_ Critical hit (Burn: +37). 02345_ G-47 Trooper heat short circuits Aluminum Leg. 02350_ Aluminum Leg melted. 02350_ G-47 Trooper destroyed. 02354_ Scrap Shield destroyed. 02356_ Sub. Laser shoots sparks and powers down. Map ----- +----------------------------------------------------+ | ?????????????????????????????????????????????????? | | ?????????????????????????????????????????????????? | | ?????????????????????? ??????????????????????????? | | ?????????????????????? ??????????????????????????? | | ?????????????????????? ??????????????????????????? | | ?????????????????????? ??????????????????????????? | | ?????????????????????? ??????????????????????????? | | ?????????????????????? ??????????????????????????? | | ?????????????????????? ??????????????????????????? | | ?????????????????????? ??????????????????????????? | | ????????????????????## #???????????????#######???? | | ????????????????????? #???????????????# #???? | | ????????????????????? #???????????????# #???? | | ????????????????????? #???????????????# #???? | | ????????????????????? #???????????????# #???? | | ????????????????????? #???????????????# #???? | | ????????????????????? #???????????????### ###???? | | ?????????????????????# #?????????#####???# #?????? | | ?????????????????????# #?????????# T ??# #?????? | | ?????????????????????# #?????????# ??# #?????? | | ????????????????######/##????????#! """ ?# #???### | | ????????????????# #????????# """ ## #?? # | | ????????????????# #????????# """ + #?? # | | ????????????????# #????????# # #? # | | ????????????????# #############+### #? # | | ????????????????# #R= # # | | ????????????????# %g w! =% # # | | ????????????????# # = + """ # | | ????????????????# [! # ####+####### # """ # | | ????????????????# !! # #??# ????# # """ # | | ????????????????# # #??# ??# #? # | | ????????????????# # ??+ ## #? # | | ????????????????######### ##?# ## #?? # | | ????????????????????????# #??# ## #??#### | | ????????????????????????# #??# ## #?????? | | ????????????????????????+ #??######### #?????? | | ????????????????????????# #??????????# #?????? | | ????????????????????????# #??????????# #?????? | | ????????????????????????# #??????????# #?????? | | ????????????????????????# ############ #?????? | | ????????????????????????# #?????? | | ????????????????????????# ############ #?????? | | ???????????????????????? #??????????# #?????? | | ????????????????????????##+##??????????# #?????? | | ???????????????????????????????????????# #?????? | | ???????????????????????????????????????# #?????? | | ?????????????????????????????????????# # #?????? | | ??????????????????????????????????????# #?????? | | ??????????????????????????????????????## #?????? | | ???????????????????????????????????????# #?????? | +----------------------------------------------------+ Best States ------------- Heat Dissipation 25 Coolant Potential 50 Energy Generation 20 Energy Capacity 150 Matter Stores 100 Matter Capacity 100 Sight Range 19 Terrain Scan Density 10 Armor Coverage 800 Evasion (%) 53 Offensive Hacking 10 Item Schematics ----------------- None Robot Schematics ------------------ None Fabricated ------------ Nothing Repaired ---------- Nothing Studied --------- None Alien Tech Used ----------------- None Achievements -------------- None Challenges ------------ None Polymind | -11 -10 -10 -8 ---------- Run | Yrd Mat Sub Mat Hosts 2 | . 1 1 . Combat Hostiles 1 | . . 1 . Allies . | . . . . Unique Host Classes 2 | . 1 1 . Average Host Suspicion 62 | . 83 . 82 Unsuspicious Activity 58 | . 22 36 . Returns to Shadow . | . . . . Fuzzy Dispatches . | . . . . Protomatter Created 46 | . . 46 . Used 38 | . 5 33 . Decayed 46 | . . 46 . Highest Spend 33 | . 5 33 . Top 5 Hosts by Kills: 11-HQY(R) (-10/Subcaves: 2) Game ------ Seed EtherialSpectralInsulator Manual? 0 Play Time 00:13:21 Cumulative 691.0 hours Start 2026.04.04 @ 18:31:24 End 2026.04.04 @ 18:45:37 Sessions 1 Manual Loads 0 Difficulty Rogue Special Mode Winter2022/Polymind Game No. 382 Rogue 382 Adventurer 0 Explorer 0 Win Type - Total 30 Types 15/1/6/2/1/1/1/2/1/0 Lore% 93 Gallery% 87 Achievement% 78 Wizard Run 0 Options --------- Layout 0 ASCII 0 Keyboard 0 Movement Mouse Keybinds 0 Fullscreen 2 Font 24/Smallcaps Map View 76x50 Zoom Use 0% Tactical HUD 1 Map Filters NONE Filters NONE Steam 1 RUN: 5812bc4a-e7e4-4a26-8029-27083af58e38